 Dungeon Crawl Stone Soup version 0.31.0 (webtiles) character file.

Game seed: 8285740610335572430

273 qw the Shooter (level 6, 0/38 HPs)
             Began as a Gargoyle Hunter on Jan 20, 2024.
             Slain by an orc
             ... wielding a +0 club
              (2 damage)
             ... on level 4 of the Dungeon.
             The game lasted 00:00:10 (2347 turns).

qw the Shooter (Gargoyle Hunter)                    Turns: 2347, Time: 00:00:11

Health: 0/38       AC:  9    Str: 14    XL:     6   Next: 24%
Magic:  6/6        EV: 10    Int: 10    God:
Gold:   175        SH:  0    Dex: 15    Spells: 5/5 levels left

rFire   . . .        a - +1 shortbow
rCold   . . .        (shield currently unavailable)
rNeg    + . .        d - +0 ring mail
rPois   inf          (no helmet)
rElec   +            c - scarf {repulsion}
rCorr   .            (no gloves)
SInv    .            (no boots)
Will    .....        (no amulet)
Stlth   +            (no ring)
HPRegen 0.26/turn    (no ring)
MPRegen 0.10/turn

%: repel missiles
@: no status effects
A: sickness immunity, AC +4, negative energy resistance 1, electricity
resistance, torment resistance 1, petrification resistance
a: no special abilities


You were on level 4 of the Dungeon.
You visited 1 branch of the dungeon, and saw 4 of its levels.

You collected 175 gold pieces.


Innate Abilities, Weirdness & Mutations

You are immune to sickness and miasma.
Your stone body is resilient. (AC +4)
You are immune to poison.
You resist negative energy. (rN+)
You are resistant to electric shocks. (rElec)
You are resistant to unholy torment.
You are immune to petrification.


   Skills:
 + Level 3.9 Fighting
 - Level 6.5 Ranged Weapons
 - Level 1.0 Armour
 - Level 1.5 Dodging
 - Level 1.1 Stealth


You had 5 spell levels left.
You didn't know any spells.
Your spell library was empty.

Inventory:

Hand Weapons
 a - a +1 shortbow (weapon)
Armour
 c - a scarf of repulsion (worn)
 d - a +0 ring mail (worn)
 g - the +1 leather armour "Faogurua" {Harm Regen+}
   (You found it on level 2 of the Dungeon)

   Regen+:    It increases your rate of health regeneration.
   Harm:      It increases damage dealt and taken.
Wands
 j - a wand of quicksilver (7)
Scrolls
 e - a scroll of identify
 h - a scroll of enchant armour
Potions
 b - a potion of cancellation
 f - 2 potions of haste

Dungeon Overview and Level Annotations

Branches:
Dungeon (4/15)
 Temple: D:4-7

Altars:
Ru
Xom
Yredelemnul

Annotations:
D:3 3 runed translucent doors, qw's ghost, amateur GrHu


Message History

The orc hits you but does no damage.
You shoot an arrow. The arrow hits the orc priest.
You kill the orc priest!
Something hits you but does no damage. The orc hits you but does no damage.
The orc barely misses you. The orc closely misses you.
You shoot an arrow. The arrow closely misses the orc.
Something hits you but does no damage. The orc hits you but does no damage.
The orc completely misses you. The orc hits you but does no damage.
You shoot an arrow.
The arrow hits the orc but does no damage.
You hear some strange, mumbled words.
You are confused.
The orc closely misses you. The orc hits you but does no damage. x2
The orc completely misses you. Something hits you but does no damage.
The orc hits you but does no damage. x2
Something hits you but does no damage. The orc barely misses you.
The orc closely misses you. The orc hits you but does no damage.
The orc hits you with a +0 club. Something hits you but does no damage.
The orc completely misses you. x2
Something hits you but does no damage. The orc hits you with a +0 club.
The orc closely misses you. The orc hits you but does no damage.
Something hits you but does no damage. The orc hits you with a +0 club.
The orc hits you with a +0 mace. The orc hits you but does no damage.
The orc hits you with a +0 club.
You hear some strange, mumbled words.
Something tries to affect you, but you resist.
The orc misses you. The orc closely misses you.
You feel less confused.
You hear some strange, mumbled words.
A puff of flame appears from out of thin air!
The puff of flame is repelled.
The orc hits you with a +0 club. The orc barely misses you.
The orc closely misses you.
You shoot an arrow.
The arrow hits the orc but does no damage.
Something hits you. The orc barely misses you. x2
The orc hits you but does no damage.
You shoot an arrow. The arrow hits the orc!
You kill the orc!
The orc hits you with a +0 club.
You die...

#.. ##.....[. .# ##..
##...... ..# #.. ##.....
...# ##.. #.....
....##... #.....
........# #.....
........# ##.....
......{o# ###......
#.....o@#### ##........
##....))...####.....####
#...............####
#.....#####....##
#.....# ###..# #.....
##.# ..#..# #.## ..#..
##.# #.# #.#


You could see 2 orcs.

Vanquished Creatures
  Sigmund (D:4)
  A jelly (D:4)
  An orc priest (D:4)
  A dart slug (D:1)
  A ribbon worm (D:2)
  2 orcs
  3 bats (D:1)
  6 endoplasms
  A giant cockroach (D:3)
  7 goblins
  10 hobgoblins
  2 quokkas (D:1)
  3 ball pythons
  4 frilled lizards
  11 kobolds
  6 rats
60 creatures vanquished.

Notes
Turn   | Place    | Note
-------+----------+-------------------------------------------
     0 | D:1      | qw the Gargoyle Hunter began the quest for the Orb.
     0 | D:1      | Reached XP level 1. HP: 12/12 MP: 1/1
     0 | D:1      | 0 ||| qw: Version: 0.3-a-132-g3d54051
     0 | D:1      | 0 ||| qw: Game counter: 505
     0 | D:1      | 0 ||| qw: Melee chars always use a shield: true
     0 | D:1      | 0 ||| qw: God list: Okawaru
     0 | D:1      | 0 ||| qw: Allow faded altars: false
     0 | D:1      | 0 ||| qw: Do Orc after clearing Dungeon:15 true
     0 | D:1      | 0 ||| qw: Do second Lair branch before Depths: true
     0 | D:1      | 0 ||| qw: Lair rune preference: random
     0 | D:1      | 0 ||| qw: Goals: Normal
     0 | D:1      | 0 ||| PLANNING D:1-11
    86 | D:1      | Reached XP level 2. HP: 17/17 MP: 2/2
   280 | D:1      | Found a faded altar of an unknown god.
   415 | D:1      | Reached XP level 3. HP: 20/21 MP: 3/3
   436 | D:1      | Reached skill level 5 in Ranged Weapons
   606 | D:1      | 606 ||| READING 2 scrolls labelled WUSHIBL XODO.
   606 | D:1      | 606 ||| IDENTIFYING glowing green potion
   607 | D:1      | 607 ||| READING scroll of identify.
   607 | D:1      | 607 ||| IDENTIFYING blue potion
   608 | D:1      | 608 ||| DROPPING scroll of butterflies.
   609 | D:1      | 609 ||| DROPPING potion of degeneration.
   647 | D:2      | 647 ||| STAIRDANCE
   652 | D:2      | 652 ||| STAIRDANCE
   703 | D:2      | 703 ||| STAIRDANCE
   775 | D:2      | Found a basalt altar of Yredelemnul.
   913 | D:2      | Identified the +1 leather armour "Faogurua" {Harm Regen+}
  1142 | D:2      | 1142 ||| UPGRADING to +0 ring mail.
  1152 | D:2      | 1152 ||| DROPPING +0 leather armour.
  1153 | D:2      | 1153 ||| READING scroll labelled ECROTWY XEATILO.
  1153 | D:2      | 1153 ||| ENCHANTING +0 shortbow.
  1256 | D:3      | Noticed qw's ghost (amateur GrHu)
  1312 | D:3      | Found a runed translucent gate.
  1312 | D:3      | Found a runed translucent gate.
  1347 | D:3      | Found a runed translucent gate.
  1524 | D:3      | Reached skill level 1 in Armour
  1538 | D:3      | Reached XP level 4. HP: 17/27 MP: 4/4
  1541 | D:3      | Reached skill level 3 in Fighting
  1541 | D:3      | 1541 ||| FLEEEEING.
  1546 | D:3      | 1546 ||| FLEEEEING.
  1547 | D:3      | 1547 ||| STAIRDANCE
  1577 | D:2      | 1577 ||| UPGRADING to scarf of repulsion.
  1582 | D:2      | 1582 ||| READING scroll labelled KAXTOU URERE.
  1583 | D:2      | 1583 ||| FLEEEEING.
  1586 | D:2      | 1586 ||| READING scroll labelled HETAUQ LOXT.
  1586 | D:2      | 1586 ||| ENCHANTING +1 shortbow.
  1587 | D:2      | 1587 ||| READING 2 scrolls labelled ZOTHOC LYIR.
  1588 | D:2      | 1588 ||| DROPPING scroll of revelation.
  1724 | D:3      | Found a shimmering altar of Xom.
  1981 | D:3      | 1981 ||| DRINKING 2 fizzy purple potions.
  1994 | D:4      | Noticed Sigmund
  1998 | D:4      | 1998 ||| STAIRDANCE
  2000 | D:4      | 2000 ||| STAIRDANCE
  2002 | D:4      | 2002 ||| STAIRDANCE
  2003 | D:4      | HP: 3/28 [Sigmund/+0 scythe (10)]
  2004 | D:4      | 2004 ||| STAIRDANCE
  2006 | D:4      | 2006 ||| STAIRDANCE
  2008 | D:3      | 2008 ||| DRINKING fizzy golden potion.
  2150 | D:4      | Killed Sigmund
  2151 | D:4      | Reached skill level 6 in Ranged Weapons
  2151 | D:4      | Reached XP level 5. HP: 32/32 MP: 5/5
  2178 | D:4      | Found a sacrificial altar of Ru.
  2319 | D:4      | Reached XP level 6. HP: 37/37 MP: 6/6
  2343 | D:4      | HP: 9/38 [orc/+0 mace (5)]
  2346 | D:4      | HP: 2/38 [something (3)]
  2347 | D:4      | Slain by an orc

Levels and vault maps discovered:
D:1:      dpeg_arrival_water_temple_mockup, layout_basic,
          shapermc_ecumenical_altar_rom_forum, st_stairs_10
D:2:      layout_rooms, basic_altar
D:3:      layout_basic, xom_teletrap_fun, gammafunk_ghost_icy
D:4:      layout_layer_cave, mainiacjoe_overflow_small_starburst,
          mainiacjoe_overflow_six_doors_small, hex_large,
          hangedman_decor_points, kennysheep_another_room, uniq_sigmund

Skill      XL: |  1  2  3  4 |
---------------+-------------+-----
Ranged Weapons | 5 6 |  6.5
Armour         | 1 |  1.0
Fighting       | 3 |  3.9
Dodging        | |  1.5
Stealth        | |  1.1

Action                     |  1- 3 |  4- 6 || total
---------------------------+-------+-------++-------
   Fire: Shortbow          |   151 |    52 ||   203
    Use: Scroll            |     3 |     3 ||     6
         Potion            |       |     2 ||     2
 Armour: Leather armour    |    34 |       ||    34
         Ring mail         |    14 |    55 ||    69
  Dodge: Dodged            |    33 |    32 ||    65
         Repelled          |       |     1 ||     1

Table legend:
 A = Non-vault XP
 B = Vault XP
 C = Vault XP percentage of total XP
 D = Non-vault monster count
 E = Vault monster count
 F = Vault count percentage of total count
                 A         B        C        D         E       F
            +---------+---------+-------+---------+---------+-------
      Total |     180 |     214 |  54.3 |      57 |       3 |   5.0
            +---------+---------+-------+---------+---------+-------
        D:1 |      43 |       4 |   8.5 |      26 |       2 |   7.1
        D:2 |      19 |       0 |   0.0 |      10 |       0 |   0.0
        D:3 |      25 |       0 |   0.0 |      15 |       0 |   0.0
        D:4 |      93 |     210 |  69.3 |       6 |       1 |  14.3
            +---------+---------+-------+---------+---------+-------
